 Dungeon Crawl Stone Soup version 0.23.2-33-g5129a83184 (webtiles) character file.

Game seed: 2429057027371319167

1708 Derp the Archer (level 8, 0/68 HPs)
             Began as a Centaur Hunter on July 25, 2019.
             Was an Initiate of Vehumet.
             Succumbed to a killer bee's poison
             ... on level 7 of the Dungeon.
             The game lasted 00:13:11 (7024 turns).

Derp the Archer (Centaur Hunter)                    Turns: 7024, Time: 00:13:11

Health: 0/68       AC:  4    Str: 15    XL:     8   Next: 73%
Magic:  8/8        EV: 15    Int: 10    God:    Vehumet [......]
Gold:   338        SH:  0    Dex: 17    Spells: 7/7 levels left

rFire    . . .     SeeInvis .   a - +1 shortbow
rCold    . . .     Gourm    .   (shield currently unavailable)
rNeg     . . .     Faith    .   c - +0 leather armour
rPois    .         Spirit   .   (no helmet)
rElec    .         Reflect  .   (no cloak)
rCorr    .         Harm     .   (no gloves)
MR       .....                  (no barding)
Stlth    ++........             (no amulet)
HPRegen  0.21/turn              (no ring)
MPRegen  0.11/turn              (no ring)

@: agile, lethally poisoned (0 -> -6), very quick
A: large, hooves 3, deformed body, speed 2, tough skin 3
a: Renounce Religion


You were on level 7 of the Dungeon.
You worshipped Vehumet.
Vehumet was noncommittal.
You were not hungry.

You visited 2 branches of the dungeon, and saw 8 of its levels.

You collected 338 gold pieces.

Inventory:

Hand Weapons
 a - a +1 shortbow (weapon)
 b - a +0 short sword
 A - a +0 long sword of draining
Armour
 c - a +0 leather armour (worn)
 y - a +0 large shield
Jewellery
 i - an uncursed amulet of the gourmand {unknown}
 j - an uncursed amulet of harm {unknown}
 n - an uncursed amulet of rage {unknown}
 x - an uncursed amulet of rage {unknown}
 z - a +4 ring of protection {unknown}
Wands
 B - a wand of flame (56)
 D - a wand of iceblast (6)
Scrolls
 e - 3 scrolls of teleportation
 g - 4 scrolls of remove curse {unknown}
 l - 4 scrolls of enchant armour {unknown}
 r - a scroll of fear {unknown}
 s - 3 scrolls of identify {unknown}
 w - a scroll of random uselessness {unknown}
 C - a scroll of noise {unknown}
 E - a scroll of amnesia {unknown}
 F - 3 scrolls of silence {unknown}
Potions
 h - a potion of cancellation
 k - a potion of curing {unknown}
 m - a potion of agility
 p - a potion of might {unknown}
 q - a potion of haste {unknown}
 t - a potion of degeneration {unknown}
 u - a potion of ambrosia
 v - a potion of magic {unknown}
 G - a potion of mutation {unknown}
 H - a potion of brilliance {unknown}
Comestibles
 f - 9 rations


   Skills:
 + Level 5.1 Fighting
 + Level 0.3 Long Blades
 + Level 12.2 Bows
 + Level 2.9 Armour
 + Level 2.4 Dodging
 + Level 0.8 Stealth


You had 7 spell levels left.
You didn't know any spells.
Your spell library was empty.

Dungeon Overview and Level Annotations

Branches:
Dungeon (7/15)             Temple (1/1) D:6

Altars:
Ashenzari
Dithmenos
Elyvilon
Fedhas
Gozag
Kikubaaqudgha
Nemelex Xobeh
Okawaru
Qazlal
Ru
Vehumet
Xom
Yredelemnul
Zin


Innate Abilities, Weirdness & Mutations

You have hooves in place of feet.
Armour fits poorly on your strangely shaped body.
You cover ground very quickly.
You have extremely tough skin. (AC +3)


Message History

You feel sick.
You feel sick.
You feel sick.
You feel sick.
You feel sick.
The killer bee stings you but does no damage.
You feel sick. The killer bee closely misses you.
You feel sick. The killer bee completely misses you.
You feel sick. The killer bee closely misses you. The killer bee stings you.
* * * LOW HITPOINT WARNING * * *
You feel sick. The killer bee stings you!
* * * LOW HITPOINT WARNING * * *
You are more poisoned.
The killer bee poisons you!
Found 12 gold pieces.
You die...

.## #..#
#..# ##
#..# #..# #
... #..# ##
#..# #..#
#.## # #y#
#####.###y#
.$.....@..#
....#######
#


You could see a killer bee.

Vanquished Creatures
  Sigmund (D:5)
  An ice beast (D:5)
  A phantom (D:5)
  A sky beast (D:5)
  3 ogres
  A bullfrog (D:6)
  A water moccasin skeleton (D:4)
  A killer bee (D:7)
  2 howler monkeys
  2 crimson imps (D:5)
  A centaur zombie (D:6)
  A jelly (D:5)
  A hound (D:6)
  2 orc priests
  4 worker ants
  Ijyb (D:5)
  4 orc wizards
  A hound zombie (D:7)
  A worker ant zombie (D:6)
  4 gnolls (D:2)
  11 adders
  A shadow imp (D:5)
  2 oozes
  An adder zombie (D:6)
  5 worms
  2 dart slugs
  8 leopard geckos
  27 orcs
  11 bats
  5 giant cockroaches
  4 goblins
  3 hobgoblins
  20 jackals
  3 quokkas
  A ball python skeleton (D:5)
  7 frilled lizards
  5 kobolds
  2 quokka zombies (D:5)
  4 rats
156 creatures vanquished.

Vanquished Creatures (others)
  An orc (D:5)
  A jackal (D:5)
2 creatures vanquished.

Grand Total: 158 creatures vanquished

Notes
Turn   | Place    | Note
-------+----------+-------------------------------------------
     0 | D:1      | Derp the Centaur Hunter began the quest for the Orb.
     0 | D:1      | Reached XP level 1. HP: 17/17 MP: 1/1
     7 | D:1      | Noticed a hound
     7 | D:1      | Noticed an iguana
     7 | D:1      | Noticed a rime drake
     7 | D:1      | Noticed a killer bee
   196 | D:1      | Reached XP level 2. HP: 7/24 MP: 2/2
   617 | D:1      | Reached skill level 6 in Bows
   800 | D:1      | Reached XP level 3. HP: 29/29 MP: 3/3
  1208 | D:2      | Found an ancient bone altar of Kikubaaqudgha.
  1220 | D:2      | Found a shattered altar of Ashenzari.
  1490 | D:2      | Found a stormy altar of Qazlal.
  1491 | D:2      | Noticed a water elemental
  1492 | D:2      | Noticed an air elemental
  1493 | D:2      | Noticed a fire elemental
  1493 | D:2      | Noticed an earth elemental
  1675 | D:2      | Reached XP level 4. HP: 34/36 MP: 4/4
  1741 | D:2      | Reached skill level 7 in Bows
  1763 | D:2      | Reached skill level 1 in Armour
  1898 | D:2      | Reached XP level 5. HP: 38/42 MP: 5/5
  2641 | D:3      | Reached skill level 8 in Bows
  3046 | D:4      | Noticed an ogre
  3050 | D:4      | Reached XP level 6. HP: 51/51 MP: 6/6
  3702 | D:4      | Reached skill level 9 in Bows
  4154 | D:4      | Reached XP level 7. HP: 45/58 MP: 7/7
  4608 | D:5      | Entered Level 5 of the Dungeon
  4614 | D:5      | Noticed an angel
  4615 | D:5      | Found a shimmering altar of Xom.
  4615 | D:5      | Found a glowing silver altar of Zin.
  4615 | D:5      | Noticed Sigmund
  4619 | D:5      | Killed Sigmund
  4619 | D:5      | Reached skill level 10 in Bows
  4719 | D:5      | Found a white marble altar of Elyvilon.
  5012 | D:5      | Reached skill level 11 in Bows
  5012 | D:5      | Reached XP level 8. HP: 56/67 MP: 8/8
  5119 | D:5      | Noticed Ijyb
  5127 | D:5      | Killed Ijyb
  6071 | D:6      | Found a staircase to the Ecumenical Temple.
  6120 | Temple   | Entered the Ecumenical Temple
  6164 | Temple   | Became a worshipper of Vehumet
  6536 | D:6      | Reached skill level 5 in Fighting
  6536 | D:6      | Reached skill level 12 in Bows
  6645 | D:6      | Found an opulent altar of Gozag.
  7022 | D:7      | HP: 1/68 [killer bee (7)]
  7024 | D:7      | Succumbed to a killer bee's poison

Skill      XL: |  1  2  3  4  5  6  7  8 |
---------------+-------------------------+-----
Bows           | 6 7 8 9 11 12 | 12.2
Armour         | 1 2 |  2.9
Fighting       | 3 4 5 |  5.1
Dodging        | 2 |  2.4
Long Blades    | |  0.3
Stealth        | |  0.8

Action                   |  1- 3 |  4- 6 |  7- 9 || total
-------------------------+-------+-------+-------++-------
Melee: Long sword        |       |     3 |    14 ||    17
       Kick              |       |     1 |     6 ||     7
 Fire: Shortbow          |   144 |   266 |   279 ||   689
  Use: Potion            |       |       |     5 ||     5
       Scroll            |       |       |     2 ||     2
  Eat: Chunk             |     1 |     6 |     3 ||    10
       Ration            |       |       |     1 ||     1
Armor: Leather armour    |    30 |    23 |    25 ||    78
Dodge: Dodged            |    27 |    41 |    59 ||   127
       Rpst.: Long sword |       |     1 |     3 ||     4
